 Dungeon Sprint DCSS version 0.30.1-4-g462c640d31 (webtiles) character file.

Game seed: 1511371158738760781

4004 Heoruswealwe the Brawler (level 10, -2/109 (111) HPs)
             Began as a Troll Berserker on Aug 16, 2023.
             Was a High Priest of Trog.
             Splashed by a jelly's acid (10 damage)
             ... in the Dungeon (Sprint I: "Red Sonja").
             The game lasted 00:07:37 (525 turns).

Heoruswealwe the Brawler (Troll Berserker)           Turns: 525, Time: 00:07:38

HP:   -2/109 (111)  AC:  1    Str: 31    XL:     10   Next: 3%
MP:   9/9           EV: 12    Int:  3    God:    Trog [*****.]
Gold: 766           SH:  0    Dex:  9    Spells: 9/9 levels left

rFire   + .          .
                       - Unarmed
rCold   + . .        (no shield)
rNeg    . . .        j - +2 robe {rC+ rF+}
rPois   .            (helmet restricted)
rElec   .            k - +2 cloak
rCorr   .            (gloves unavailable)
SInv    .            (boots unavailable)
Will    .....        (no amulet)
Stlth   +            (no ring)
HPRegen 1.18/turn    (no ring)
MPRegen 0.11/turn

%: no teleportation
@: corroded, lightly drained
A: large, unfitting armour, claws 3, regeneration 1, shaggy fur 1, tough skin 1
a: Renounce Religion, Berserk, Trog's Hand, Brothers in Arms


You were in the Dungeon.
You worshipped Trog.
Trog was extremely pleased with you.
You visited 1 branch You collected 766 gold pieces.

Inventory:

Hand Weapons
 f - the +5 great mace "Dahyifut" {heavy, rPois rF- Will- Str+9}
   (Trog gifted it to you in the Dungeon)

   Str:       It affects your strength (+9).
   rF:        It makes you vulnerable to fire.
   rPois:     It protects you from poison.
   Will:      It decreases your willpower.
Armour
 j - a +2 robe of resistance (worn)
 k - a +2 cloak (worn)
Wands
 h - a wand of quicksilver (7)
Scrolls
 g - a scroll of blinking
Potions
 a - a potion of degeneration {unknown}
 b - 2 potions of curing
 d - a potion of haste
 e - 2 potions of magic
 i - a potion of lignification {unknown}


   Skills:
 + Level 10.4 Fighting
 + Level 10.4 Dodging
 * Level 16.7 Unarmed Combat


You had 9 spell levels left.
You didn't know any spells.
Your spell library was empty.

Dungeon Overview and Level Annotations

Branches:
Dungeon (1/1)

Altars:
Cheibriados
Dithmenos
Elyvilon
Fedhas
Gozag
Hepliaklqana
Kikubaaqudgha
Makhleb
Nemelex Xobeh
Okawaru
Qazlal
Ru
Sif Muna
Trog
Uskayaw
Vehumet
Wu Jian
Xom
Yredelemnul
Zin
The Shining One
Jiyva
Lugonu

Shops:
D ([


Innate Abilities, Weirdness & Mutations

You are too large for most types of armour.
You have claws for hands.
Your natural rate of healing is unusually fast.
You are covered in fur. (AC +1)
You have tough skin. (AC +1)


Message History

Trog accepts your kill.
You barely miss the jelly. The jelly misses you.
You scratch the jelly.
Your claws burn!
You claw the jelly!
You kill the jelly!
Trog accepts your kill.
A necrophage comes into view.
Found a piece from Xom's chessboard (15/15). 2 necrophages come into view.
Found 328 gold pieces and a coppery potion.
Something hits you!
Deactivating autopickup; reactivate with Ctrl-A.
Something hits you!
You closely miss something. Something hits you. x2
Something hits you but does no damage. 2 necrophages come into view.
Found a scroll labelled BUOJUDGHOGA and a glowing dagger.
Something hits you. x2
Something hits you. Something barely misses you.
You barely miss something. Something barely misses you. Something hits you. x2
You closely miss something.
Something hits you. x2; The necrophage hits you!
You claw something! Something hits you!
* * * LOW HITPOINT WARNING * * *
Something hits you!
* * * LOW HITPOINT WARNING * * *
You feel much better. Something barely misses you. The necrophage hits you.
You feel drained. The necrophage hits you. Something hits you!
* * * LOW HITPOINT WARNING * * *
You barely miss something. The necrophage barely misses you. x2
The jelly barely misses you. Something hits you.
* * * LOW HITPOINT WARNING * * *
You claw something! Something hits you!
* * * LOW HITPOINT WARNING * * *
Something hits you!
* * * LOW HITPOINT WARNING * * *
The necrophage hits you.
* * * LOW HITPOINT WARNING * * *
The jelly hits you.
* * * LOW HITPOINT WARNING * * *
You are splashed with acid!
You die...

⌠#_.∩...†..._#§~)§§#..#
##_..__##_.#'##+#####'###
#_____###+#)#)§§)###.+.#
####### ####†###)###†#
+.....'.∩##.#
###########.#
#.......##.# #...J....+§#
#+{@######§# #.nnn....#§#
#nn.....#+.#
?$}.......~####
)!.......~~#
#.......~~~##
###..~~~~### +######+


You could see 5 necrophages and a jelly.

Vanquished Creatures
  2 centaur warriors (D)
  A deep troll (D)
  An oklob plant (D)
  2 kobold demonologists (D)
  A hornet (D)
  Sigmund (D)
  A slime creature (D)
  A yak (D)
  2 redbacks (D)
  2 floating eyes (D)
  An ogre (D)
  7 jellies (D)
  Ijyb (D)
23 creatures vanquished.

Notes
Turn   | Place    | Note
-------+----------+-------------------------------------------
     0 | D        | Heoruswealwe the Troll Berserker began the quest for the
                  | Orb.
     0 | D        | Reached XP level 1. HP: 22/22 MP: 0/0
     1 | D        | Noticed Ijyb
    12 | D        | HP: 1/22 [Ijyb/+0 club (6)]
    13 | D        | Killed Ijyb
    14 | D        | Reached skill level 5 in Unarmed Combat
    14 | D        | Reached XP level 2. HP: 4/31 MP: 1/1
    40 | D        | Noticed an ogre
    48 | D        | Killed an ogre
    49 | D        | Reached skill level 7 in Unarmed Combat
    49 | D        | Reached XP level 3. HP: 40/40 MP: 2/2
    49 | D        | Reached XP level 4. HP: 49/49 MP: 3/3
    82 | D        | Noticed Sigmund
    88 | D        | Killed Sigmund
    88 | D        | Reached ** piety under Trog
    89 | D        | Reached skill level 5 in Fighting
    89 | D        | Reached skill level 5 in Dodging
    89 | D        | Reached skill level 9 in Unarmed Combat
    89 | D        | Reached XP level 5. HP: 58/59 MP: 4/4
    89 | D        | Reached XP level 6. HP: 66/67 MP: 5/5
   114 | D        | Found a burning altar of Makhleb.
   114 | D        | Found a viscous altar of Jiyva.
   114 | D        | Found a shimmering altar of Xom.
   114 | D        | Found a corrupted altar of Lugonu.
   114 | D        | Noticed a slime creature
   124 | D        | Killed a slime creature
   125 | D        | Reached skill level 10 in Unarmed Combat
   144 | D        | Found an ornate altar of the Wu Jian Council.
   144 | D        | Found a shimmering blue altar of Sif Muna.
   146 | D        | Found a radiant altar of Vehumet.
   175 | D        | Found Xarghyll's Weapon Emporium.
   175 | D        | Found an ancient bone altar of Kikubaaqudgha.
   175 | D        | Found a hazy altar of Hepliaklqana.
   175 | D        | Found a stormy altar of Qazlal.
   175 | D        | Found a hide-covered altar of Uskayaw.
   175 | D        | Found a blossoming altar of Fedhas.
   175 | D        | Found a bloodstained altar of Trog.
   175 | D        | Found an iron altar of Okawaru.
   175 | D        | Found a basalt altar of Yredelemnul.
   175 | D        | Found a glowing golden altar of the Shining One.
   175 | D        | Found a snail-covered altar of Cheibriados.
   175 | D        | Found a sacrificial altar of Ru.
   175 | D        | Found a glowing silver altar of Zin.
   175 | D        | Found a shadowy altar of Dithmenos.
   175 | D        | Found a white marble altar of Elyvilon.
   175 | D        | Noticed a yak
   180 | D        | Killed a yak
   180 | D        | Reached *** piety under Trog
   181 | D        | Reached skill level 11 in Unarmed Combat
   181 | D        | Reached XP level 7. HP: 57/78 MP: 6/6
   181 | D        | Found an opulent altar of Gozag.
   182 | D        | Found a sparkling altar of Nemelex Xobeh.
   208 | D        | Noticed a kobold demonologist
   208 | D        | Noticed a kobold demonologist
   212 | D        | Noticed a sun demon
   217 | D        | Killed a kobold demonologist
   217 | D        | Paralysed by a floating eye for 4 turns
   218 | D        | Reached skill level 12 in Unarmed Combat
   226 | D        | Killed a kobold demonologist
   226 | D        | Reached **** piety under Trog
   227 | D        | Reached skill level 13 in Unarmed Combat
   227 | D        | Reached XP level 8. HP: 88/88 MP: 7/7
   245 | D        | Noticed a centaur warrior
   245 | D        | Noticed a centaur warrior
   253 | D        | Killed a centaur warrior
   254 | D        | Reached skill level 14 in Unarmed Combat
   257 | D        | Killed a centaur warrior
   258 | D        | Reached skill level 15 in Unarmed Combat
   258 | D        | Reached XP level 9. HP: 54/100 MP: 8/8
   320 | D        | Noticed a deep troll
   333 | D        | Killed a deep troll
   402 | D        | Found Esha's Armour Emporium.
   429 | D        | Reached ***** piety under Trog
   443 | D        | Noticed an oklob plant
   448 | D        | Killed an oklob plant
   449 | D        | Reached skill level 10 in Fighting
   449 | D        | Reached skill level 10 in Dodging
   449 | D        | Reached skill level 16 in Unarmed Combat
   480 | D        | Identified the +5 great mace "Dahyifut" {heavy, rPois rF-
                  | Will- Str+9} (Trog gifted it to you in the Dungeon)
   480 | D        | Received a gift from Trog
   509 | D        | Reached XP level 10. HP: 82/111 MP: 9/9
   525 | D        | Splashed by a jelly's acid

Illustrated notes

Levels and vault maps discovered:
D:        dungeon_sprint_1 [red_sonja_temple_1, red_sonja_temple_small_1]

Skill      XL: |  1  2  3  4  5  6  7  8  9 |
---------------+----------------------------+-----
Fighting       | 3 4 5 7 8 9 10 | 10.4
Dodging        | 3 4 5 7 8 9 10 | 10.4
Unarmed Combat | 5 7 9 11 13 15 16 | 16.7

Action                     |  1- 3 |  4- 6 |  7- 9 | 10-12 || total
---------------------------+-------+-------+-------+-------++-------
  Melee: Unarmed           |    18 |    20 |    49 |    11 ||    98
         Punch             |       |     1 |     2 |     1 ||     4
 Invoke: Berserk           |     1 |       |     1 |       ||     2
    Use: Potion            |       |       |     1 |     1 ||     2
 Armour: Robe              |       |     2 |    15 |     2 ||    19
  Dodge: Dodged            |     5 |     3 |    13 |     7 ||    28
